 Dungeon Crawl Stone Soup version 0.25.1-2-g60ff931df9 (webtiles) character file.

Game seed: 5431343331256404616

25 protoss039 the Digger (level 2, -3/15 HPs)
             Began as a Deep Elf Earth Elementalist on Aug 7, 2020.
             Slain by a gnoll
             ... wielding a +1 halberd of protection
              (8 damage)
             ... on level 2 of the Dungeon.
             The game lasted 00:02:40 (1133 turns).

protoss039 the Digger (Deep Elf Earth Elementalist) Turns: 1133, Time: 00:02:41

Health: -3/15      AC:  2    Str:  5    XL:     2   Next: 86%
Magic:  5/8        EV: 13    Int: 19    God:
Gold:   34         SH:  0    Dex: 15    Spells: 4/7 levels left

rFire    . . .     SeeInvis .   (no weapon)
rCold    . . .     Gourm    .   (no shield)
rNeg     . . .     Faith    .   c - +0 robe
rPois    .         Spirit   .   (no helmet)
rElec    .         Reflect  .   (no cloak)
rCorr    .         Harm     .   (no gloves)
MR       .....                  (no boots)
Stlth    ++........             (no amulet)
HPRegen  0.05/turn              (no ring)
MPRegen  0.11/turn              (no ring)

@: no status effects
A: no striking features
a: no special abilities


You were on level 2 of the Dungeon.
You were hungry.

You visited 1 branch of the dungeon, and saw 2 of its levels.

You collected 34 gold pieces.

Inventory:

Missiles
 b - 66 stones (quivered)
 m - 9 poisoned darts
Armour
 c - a +0 robe (worn)
 j - a cursed +0 leather armour
Jewellery
 a - an uncursed ring of magical power {unknown}
Scrolls
 e - 2 scrolls of fear {unknown}
 i - a scroll of remove curse {unknown}
 k - a scroll of amnesia {unknown}
 l - a scroll of enchant weapon {unknown}
Potions
 f - a potion of berserk rage {unknown}
 g - 2 potions of mutation {unknown}
 h - a potion of brilliance {unknown}
Comestibles
 d - 5 rations


   Skills:
 * Level 2.8 Dodging
 * Level 2.9 Stealth
 + Level 3.4 Spellcasting
 - Level 1.1 Transmutations
 + Level 3.8 Earth Magic


You had 4 spell levels left.
You knew the following spells:

 Your Spells              Type           Power        Failure   Level  Hunger
a - Sandblast             Erth           ###...       3%          1    None
b - Passwall              Tmut/Erth      ##......     8%          2    ##.....

Your spell library contained the following spells:

 Spells                   Type           Power        Failure   Level  Hunger
 Stone Arrow              Conj/Erth      ##....       21%         3    ###....
 Petrify                  Tmut/Erth      ##......     45%         4    ####...
 Lee's Rapid Deconstruct  Erth           ###.......   63%         5    ######.


Dungeon Overview and Level Annotations

Branches:
Dungeon (2/15)

Altars:


Message History

Ouch! That really hurt!
* * * LOW HITPOINT WARNING * * *
Press: ? - help, v - describe, . - travel
Here: a gnoll, wielding a +1 halberd of protection (moderately wounded)
The floor.
The gnoll closely misses you.
Casting: Sandblast (safe; 3% risk of failure)
Confirm with . or Enter, or press ? or * to list all spells.
Aiming: Sandblast (safe; 3% risk of failure)
Press: ? - help, Shift-Dir - straight line, f/p - gnoll
Aim: a gnoll, wielding a +1 halberd of protection (moderately wounded)
The blast of sand hits the gnoll but does no damage.
The gnoll is moderately wounded.
b - 66 stones You are feeling hungry.
You see here 9 poisoned darts.
m - 9 poisoned darts The gnoll hits you from afar with a +1 halberd of protection!
Ouch! That really hurt!
You die...

#..##.#..# #..#..#..# ..#
#..#.##..# ..#.
#........# ..#?
#.......## .g. ##......#
g. #.#.##.##### .#
#.#.##.#...# ##########.#
#.#.......@###..........#
#.####.#....gg...########
#.####.##.#.##.#.#
#......##......#.#
###########.####.#
#......# ########


You could see 2 gnolls.

Vanquished Creatures
  A dart slug (D:1)
  A giant cockroach (D:2)
  A goblin (D:1)
  3 hobgoblins
  5 jackals (D:1)
  2 bats (D:1)
  4 frilled lizards
  4 kobolds
  2 rats (D:1)
23 creatures vanquished.

Notes
Turn   | Place    | Note
-------+----------+-------------------------------------------
     0 | D:1      | protoss039 the Deep Elf Earth Elementalist began the quest
                  | for the Orb.
     0 | D:1      | Reached XP level 1. HP: 10/10 MP: 6/6
   282 | D:1      | Reached XP level 2. HP: 12/15 MP: 4/8
   407 | D:1      | Learned a level 2 spell: Passwall
  1133 | D:2      | Slain by a gnoll

Illustrated notes

Levels and vault maps discovered:
D:1:      kennysheep_arrival_forest, layout_basic
D:2:      layout_loops_cross

Action                   || total
-------------------------++-------
Melee: Unarmed           ||     1
 Cast: Sandblast         ||    33
 Stab: Sleeping          ||     1
Armor: Robe              ||     1
Dodge: Dodged            ||    11
